AoeStats
← 27岁电竞老年人

Arena

511051255Analyzed
4v4 RM · 5h ago on Oct 3, 2026· 11m 22s· 8 players
Game mode
Random Map
Map size
Large (8 player)
Population
200
Speed
Normal
Resources
Standard
Victory
Conquest
Starting age
Dark Age
Ending age
Imperial Age
RankedLock teamsTeams togetherTeam positionsShared explorationLock speedFull tech treeHidden civsTurbo modeCheats
Victory
Defeat
🇦🇷 Chinese · Argentina
1109
+15
🇩🇪 Italians · Germany
1047
+17
🇨🇭 Bulgarians · Switzerland
1018
+18
🇹🇷 Turks · Türkiye
981
+20
🇨🇳 Mongols · China
1097
-19
🇹🇼 Huns · Taiwan
1091
-18
🇫🇷 Franks · France
1055
-17
🇨🇳 Poles · China
1045
-16
大汉忠臣曹孟德
6:44 Loom
9:01 Feudal Age
Wyll
1:03 Loom
2:06 Loom
2:38 Loom
10:42 Feudal Age
Speechless
10:25 Feudal Age
27岁电竞老年人
9:56 Feudal Age
tortodde
8:08 Loom
10:14 Feudal Age
11:33 Double-Bit Axe
11:30 Horse Collar
Ἀφροδίτη
8:08 Loom
9:58 Feudal Age
¬"M°rph!ne !? .CH
10:45 Feudal Age
LuchooOo
0:35 Loom
10:41 Feudal Age
Connection lost

Rejoining the realm…

Still unreachable

The connection could not be restored.

Session expired

The server has moved on; the page needs a fresh start.